 Dungeon Crawl Stone Soup version 0.23-a0-625-g1d2cd9b (webtiles) character file.

7 Leeroy the Charmwright (level 2, -1/23 HPs)
             Began as a Barachi Skald on Dec 25, 2018.
             Slain by a leopard gecko (3 damage)
             ... on level 1 of the Dungeon.
             The game lasted 00:00:50 (125 turns).

Leeroy the Charmwright (Barachi Skald)               Turns: 125, Time: 00:00:51

Health: -1/23      AC:  4    Str: 12    XL:     2   Next: 0%
Magic:  0/5        EV: 12    Int: 13    God:
Gold:   25         SH:  0    Dex: 11    Spells: 4/5 levels left

rFire    . . .     SeeInvis .   a - +0 falchion
rCold    . . .     Gourm    .   (no shield)
rNeg     . . .     Faith    .   b - +0 leather armour
rPois    .         Spirit   .   (no helmet)
rElec    .         Reflect  .   (no cloak)
rCorr    .         Harm     .   (no gloves)
MR       .....                  e - +0 pair of boots
Stlth    +.........             (no amulet)
HPRegen  0.07/turn              (no ring)
MPRegen  0.09/turn              (no ring)

@: infused, slow
A: +LOS, swims, slowness 1, strong legs 1
a: Hop


You were on level 1 of the Dungeon.
You were not hungry.

You visited 1 branch of the dungeon, and saw 1 of its levels.

You collected 25 gold pieces.

Inventory:

Hand Weapons
 a - a +0 falchion (weapon)
 g - a +0 spear
Armour
 b - a +0 leather armour (worn)
 e - a +0 pair of boots (worn)
Scrolls
 j - a scroll of identify {unknown}
Potions
 c - 2 potions of ambrosia {unknown}
 f - a potion of flight {unknown}
 i - a potion of magic {unknown}
Comestibles
 d - 2 rations
 h - a chunk of flesh


   Skills:
 - Level 2.4 Fighting
 * Level 2.7 Long Blades
 - Level 1.2 Armour
 - Level 2.2 Dodging
 - Level 2.3 Spellcasting
 + Level 3.5 Charms


You had 4 spell levels left.
You knew the following spells:

 Your Spells              Type           Power        Failure   Level  Hunger
a - Infusion              Chrm           ##..         8%          1    #......

Your spell library contained the following spells:

 Spells                   Type           Power        Failure   Level  Hunger
 Song of Slaying          Chrm           ##......     12%         2    ###....
 Shroud of Golubria       Chrm/Tloc      #.........   24%         2    ###....
 Regeneration             Chrm/Necr      #.........   43%         3    ###....
 Spectral Weapon          Hex/Chrm       #.......     43%         3    ###....


Dungeon Overview and Level Annotations

Branches:
Dungeon (1/15)

Altars:


Innate Abilities, Weirdness & Mutations

Shadows flee at your approach. (+LOS)
You can swim through water.
You cover ground slowly.
You can hop short distances.


Message History

You see here 2 chunks of flesh.
Casting: Infusion (safe; 8% risk of failure)
Confirm with . or Enter, or press ? or * to list all spells.
You begin infusing your attacks with magical energy.
You barely miss the goblin. The goblin hits you but does no damage.
The leopard gecko closely misses you. The goblin misses you.
You slash the goblin!
You kill the goblin!
You have reached level 2!
The leopard gecko bites you.
* * * LOW HITPOINT WARNING * * *
You miss the leopard gecko. The leopard gecko barely misses you.
You miss the leopard gecko. The leopard gecko misses you.
The leopard gecko hisses menacingly.
The leopard gecko bites you but does no damage.
You hit the leopard gecko.
The leopard gecko is almost dead.
The leopard gecko completely misses you.
You barely miss the hobgoblin. The leopard gecko bites you.
You die...

♣♣ ######## . ..P
♣......# . ...♣♣......# .
♣.P♣......# .# #
♣P........########.#.##
♣...................
♣...>..####.....#%.. ###
#.......##..l.......
...#..........@g.......
#.#...................
#.....................
###.##.################
#.##.# #...#.........
#.##.# #.#.#.########
#####..#.###.#.#...<....#
#..........#.#.########.#
#.....>....#.#..........#


You could see a leopard gecko and a hobgoblin.

Vanquished Creatures
  A dart slug (D:1)
  A giant cockroach (D:1)
  A goblin (D:1)
  A frilled lizard (D:1)
  A rat (D:1)
5 creatures vanquished.

Notes
Turn   | Place    | Note
-------+----------+-------------------------------------------
     0 | D:1      | Leeroy the Barachi Skald began the quest for the Orb.
     0 | D:1      | Reached XP level 1. HP: 17/17 MP: 3/3
   121 | D:1      | Reached XP level 2. HP: 5/23 MP: 1/5
   125 | D:1      | Slain by a leopard gecko

Vault maps used:
D:1:      matt_arrival_spirals, serial_forest, infiniplex_forest_lined_4_way,
          infiniplex_forest_lined_room_2, infiniplex_forest_zigzag_2,
          infiniplex_forest_lined_4_way, infiniplex_forest_clump_tiny,
          infiniplex_forest_corner_2

Action                   || total
-------------------------++-------
Melee: Falchion          ||    19
 Cast: Infusion          ||     1
Armor: Leather armour    ||     3
Dodge: Dodged            ||     9

Table legend:
 A = Non-vault XP
 B = Vault XP
 C = Vault XP percentage of total XP
 D = Non-vault monster count
 E = Vault monster count
 F = Vault count percentage of total count
                 A         B        C        D         E       F
            +---------+---------+-------+---------+---------+-------
      Total |      10 |       0 |   0.0 |       5 |       0 |   0.0
            +---------+---------+-------+---------+---------+-------
        D:1 |      10 |       0 |   0.0 |       5 |       0 |   0.0
            +---------+---------+-------+---------+---------+-------
